 Dungeon Crawl Stone Soup version 0.21-a0-504-g2eda330 (webtiles) character file.

102 ziltoidlt2 the Shooter (level 4, 21/21 HPs)
             Began as a Spriggan Arcane Marksman on Nov 26, 2017.
             Quit the game on level 4 of the Dungeon.
             The game lasted 00:34:39 (4647 turns).

ziltoidlt2 the Shooter (Spriggan Arcane Marksman)   Turns: 4647, Time: 00:34:39

Health: 21/21      AC:  2    Str:  6    XL:     4   Next: 50%
Magic:  6/8        EV: 18    Int: 15    God:
Gold:   114        SH:  0    Dex: 16    Spells: 1/7 levels left

rFire    . . .     SeeInvis +   a - +0 shortbow
rCold    . . .     Gourm    .   (shield currently unavailable)
rNeg     . . .     Faith    .   e - +0 robe
rPois    .         Spirit   .   (helmet restricted)
rElec    .         Reflect  .   (no cloak)
rCorr    .         Harm     .   (gloves unavailable)
MR       .....                  (boots unavailable)
Stlth    +.........             (no amulet)
HPRegen  0.07/turn              (no ring)
MPRegen  0.11/turn              (no ring)

@: very slightly contaminated, very quick
A: very small, unfitting armour, see invisible, herbivore 3, speed 3, slow
metabolism 2
a: no special abilities


You were on level 4 of the Dungeon.
You were not hungry.

You visited 1 branch of the dungeon, and saw 4 of its levels.

You collected 114 gold pieces.

Inventory:

Hand Weapons
 a - a +0 shortbow (weapon)
 b - a +0 short sword
Missiles
 d - 6 arrows (quivered)
 g - 29 poisoned needles
 k - 150 stones
 w - 16 bolts
Armour
 e - a +0 robe (worn)
Jewellery
 t - a +3 amulet of reflection {unknown}
Scrolls
 h - 3 scrolls of blinking {unknown}
 i - 2 scrolls of identify {unknown}
 m - a scroll of remove curse {unknown}
 p - a scroll of enchant weapon {unknown}
 u - a scroll of teleportation {unknown}
 x - a scroll of fear {unknown}
Potions
 j - a potion of heal wounds
 l - a potion of curing {unknown}
 n - a potion of invisibility {unknown}
 o - a potion of ambrosia {unknown}
 q - a potion of degeneration {unknown}
 r - a potion of magic {unknown}
 s - a potion of lignification {unknown}
 v - a potion of resistance {unknown}
Books
 c - a book of Debilitation

   Spells                             Type                      Level
   a - Corona                         Hexes                        1
   b - Slow                           Hexes                        2
   c - Inner Flame                    Hexes/Fire                   3
   d - Portal Projectile              Hexes/Translocation          3
   e - Cause Fear                     Hexes                        4
   f - Leda's Liquefaction            Hexes/Earth                  4
Comestibles
 f - a bread ration


   Skills:
 - Level 0.7 Fighting
 * Level 4.5 Bows
 - Level 3.0 Dodging
 - Level 2.0 Spellcasting
 + Level 4.5 Hexes
 + Level 1.9 Translocations


You had one spell level left.
You knew the following spells:

 Your Spells              Type           Power        Failure   Level  Hunger
a - Corona                Hex            ###....      3%          1    #......
b - Slow                  Hex            ###.....     5%          2    ###....
c - Portal Projectile     Hex/Tloc       ##....       19%         3    ###....


Dungeon Overview and Level Annotations

Branches:
Dungeon (4/15)
 Temple: D:4-7

Altars:
Trog

Annotations:
D:2 1 runed door + orc warrior, 1 exclusion
D:4 p0werm0de's ghost, novice OpAM


Innate Abilities, Weirdness & Mutations

You are very small and have problems with some larger weapons.
You are too small for most types of armour.
You have supernaturally acute eyesight. (SInv)
You are a herbivore.
You cover ground extremely quickly.
You need consume almost no food.


Message History

You hear a bark!
There is a stone staircase leading up here.
Save game and exit?
You hear the sound of rushing water.
There is an entrance to a sewer on this level.
Hurry and find it before the portal rusts away!
Level annotation: p0werm0de's ghost, novice OpAM Welcome back, ziltoidlt2 the Spriggan Arcane Marksman.
Press ? for a list of commands and other information.
Quiver which item? (- for none, * to show all) (? for menu, Esc to quit)
You don't have any such object.
Quiver which item? (- for none, * to show all) (? for menu, Esc to quit)
Okay, then.
Cast which spell? (? or * to list)
You don't know that spell. (m)acro, (M)acro raw, keymap [(k) default, (x) level-map, (t)argeting, (c)onfirm, m(e)nu], (s)ave?
Input macro trigger key: \{17} Current Action: zj Do you wish to (r)edefine, (c)lear, or (a)bort?
Cleared macro '\{17}' => 'zj'.
Are you sure you want to abandon this character and quit the game? (Confirm with "yes".)

# #.
##.#####
......#
#.#.#.#
#.##.@#
#..##.#
#.#..#
##.##..#.#
#.....†..#
#.##......#
#W.........
...######..#
#..# #..#


You could see p0werm0de's ghost.

Vanquished Creatures
  4 adders
  A worm (D:2)
  2 leopard geckos (D:3)
  6 orcs
  2 ball pythons
  2 giant cockroaches
  7 goblins
  A hobgoblin (D:1)
  6 jackals
  2 quokkas (D:3)
  3 bats (D:3)
  3 frilled lizards
  10 kobolds
  3 rats
  A fungus (D:2)
53 creatures vanquished.

Notes
Turn   | Place    | Note
-------+----------+-------------------------------------------
     0 | D:1      | ziltoidlt2 the Spriggan Arcane Marksman began the quest for the Orb.
     0 | D:1      | Reached XP level 1. HP: 9/9 MP: 3/3
   404 | D:1      | Reached XP level 2. HP: 14/14 MP: 5/5
  1456 | D:2      | Learned a level 2 spell: Slow
  1743 | D:2      | Reached XP level 3. HP: 14/17 MP: 2/7
  1785 | D:2      | Learned a level 3 spell: Portal Projectile
  1838 | D:2      | Found a runed door.
  1891 | D:2      | Noticed an orc warrior
  2301 | D:3      | Reached skill level 1 in Translocations
  2903 | D:3      | Reached XP level 4. HP: 21/21 MP: 5/8
  3682 | D:3      | Found a bloodstained altar of Trog.
  4642 | D:4      | Noticed p0werm0de's ghost (novice OpAM)
  4647 | D:4      | Quit the game

Vault maps used:
D:1:      minmay_arrival_shoal_huts
D:2:      serial_park_tiny_1, kennysheep_generic_room_3, uniq_crazy_yiuf_cottage
D:3:      first_bread, fountainhead, trog_butcher_becter
D:4:      portal_sewer_entry_a, minmay_hollow_rounded_squares, uniq_edmund

Skill      XL: |  1  2  3 |
---------------+----------+-----
Bows           | 3 4 |  4.5
Spellcasting   | 2 |  2.0
Hexes          | 4 |  4.5
Translocations | 1 |  1.9
Fighting       | |  0.7
Dodging        | |  3.0

Action                   |  1- 3 |  4- 6 || total
-------------------------+-------+-------++-------
Melee: Whip              |    57 |       ||    57
       Short sword       |    22 |    96 ||   118
 Fire: Shortbow          |   105 |    11 ||   116
 Cast: Corona            |    43 |    28 ||    71
       Slow              |    16 |    18 ||    34
  Use: Potion            |     1 |       ||     1
 Stab: Sleeping          |     1 |     1 ||     2
  Eat: Royal jelly       |     1 |       ||     1
       Bread ration      |       |     1 ||     1
Armor: Robe              |    19 |     9 ||    28
Dodge: Dodged            |    83 |    93 ||   176

Table legend:
 A = Spawn XP
 B = Non-spawn XP
 C = Spawn XP percentage of total XP
 D = Spawn monster count
 E = Non-spawn monster count
 F = Spawn count percentage of total count
 G = Total turns spent on level
                    A         B        C        D         E        F      G
               +---------+---------+-------+---------+---------+-------+---------
         Total |       0 |     147 |   0.0 |       0 |      52 |   0.0 |  4647
               +---------+---------+-------+---------+---------+-------+---------
           D:1 |       0 |      22 |   0.0 |       0 |      13 |   0.0 |  1027
           D:2 |       0 |      47 |   0.0 |       0 |      12 |   0.0 |  1638
           D:3 |       0 |      76 |   0.0 |       0 |      26 |   0.0 |  1919
           D:4 |       0 |       2 |   0.0 |       0 |       1 |   0.0 |    63
               +---------+---------+-------+---------+---------+-------+---------
